 Dungeon Sprint DCSS version 0.28-a0-909-g796cbd3a86 (webtiles) character file.

Game seed: 7331720294423542475

13440 kae the Executioner (level 12, -5/114 HPs)
             Began as a Hill Orc Fighter on Nov 24, 2021.
             Was the Champion of Qazlal.
             Slain by a 12-headed hydra (13 damage)
             ... in the Dungeon (Sprint I: "Red Sonja").
             The game lasted 00:08:00 (4165 turns).

kae the Executioner (Hill Orc Fighter)              Turns: 4165, Time: 00:08:00

Health: -5/114     AC: 17    Str: 24 (25) XL:     12   Next: 6%
Magic:  10/10      EV: 11    Int:  8      God:    Qazlal [******]
Gold:   247        SH: 15    Dex:  6      Spells: 11/11 levels left

rFire   . . .      SeeInvis +   a - +0 war axe (elec)
rCold   . . .      Faith    .   w - +3 buckler "Juis" {Drain rElec Regen+}
rNeg    . . .      Spirit   .   u - +3 leather armour {rPois}
rPois   +          Reflect  .   (no helmet)
rElec   +          Harm     .   s - +2 cloak {rCorr}
rCorr   +          Rampage  .   t - +1 pair of gloves {Str+3}
Will    .....      Rage     3%  (no boots)
Stlth   +......... NoTele   +   (no amulet)
HPRegen 1.29/turn               v - ring of see invisible
MPRegen 0.12/turn               (no ring)

@: protected from physical damage, repel missiles, unable to read
A: berserk 2, clumsy 2, deterioration 1, frail 1, low mp 1, weak 1, subdued
magic 1, inability to read while threatened
a: Renounce Religion, Upheaval, Elemental Force, Disaster Area


You were in the Dungeon.
You worshipped Qazlal.
Qazlal was exalted by your worship.
You visited 1 branch You collected 1664 gold pieces.
You spent 1417 gold pieces at shops.

Inventory:

Hand Weapons
 a - a +0 war axe of electrocution (weapon)
Armour
 b - a +0 scale mail
 c - a +0 buckler
 s - a +2 cloak of preservation (worn)
 t - a +1 pair of gloves of strength (worn)
 u - a +3 leather armour of poison resistance (worn)
 w - the +3 buckler "Juis" (worn) {Drain rElec Regen+}
   (You bought it in a shop in the Dungeon)

   rElec:     It insulates you from electricity.
   Regen:     It increases your rate of health regeneration.
   Drain:     It drains your maximum health when unequipped.
Jewellery
 v - a ring of see invisible (left hand)
Scrolls
 f - a scroll of vulnerability
 j - a scroll of blinking
 l - 3 scrolls of identify
 m - a scroll of brand weapon
 n - a scroll of magic mapping
 q - 3 scrolls of fear
Potions
 d - 3 potions of lignification
 e - 2 potions of invisibility
 g - a potion of haste
 h - 2 potions of magic
 i - a potion of berserk rage
 k - 4 potions of curing


   Skills:
 + Level 18.0 Fighting
 * Level 26.0 Axes
 + Level 16.6 Armour
 - Level 4.0 Shields


You had 11 spell levels left.
You didn't know any spells.
Your spell library contained the following spells:

 Spells                   Type           Power      Damage    Failure   Level
 Summon Small Mammal      Summ           0%         N/A       38%         1
 Ensorcelled Hibernation  Hex/Ice        0%         N/A       52%         2
 Call Canine Familiar     Summ           0%         N/A       77%         3
 Summon Guardian Golem    Hex/Summ       0%         N/A       77%         3
 Tukima's Dance           Hex            0%         N/A       77%         3


Dungeon Overview and Level Annotations

Branches:
Dungeon (1/1)

Altars:
Cheibriados
Dithmenos
Elyvilon
Fedhas
Gozag
Hepliaklqana
Kikubaaqudgha
Makhleb
Nemelex Xobeh
Okawaru
Qazlal
Ru
Sif Muna
Trog
Uskayaw
Vehumet
Wu Jian
Xom
Yredelemnul
Zin
The Shining One
Jiyva
Lugonu

Shops:
D *=:!:(*[[?![(*:!==![*


Innate Abilities, Weirdness & Mutations

You often lose your temper in combat.
You are very clumsy. (Dex -4)
Your body sometimes deteriorates upon taking damage.
You are frail. (-10% HP)
Your magical capacity is low. (-10% MP)
You are weak. (Str -2)
Your spells are a little easier to cast, but a little less powerful.
You sometimes lose the ability to read scrolls when taking damage.


Message History

You feel more protected from physical attacks.
The 12-headed hydra bites you but does no damage. x2
The 12-headed hydra bites you.
* * * LOW HITPOINT WARNING * * *
You feel more protected from physical attacks.
The 12-headed hydra bites you but does no damage.
The 12-headed hydra bites you but does no damage.
The 12-headed hydra bites you!
You feel threatened and lose the ability to read scrolls!
* * * LOW HITPOINT WARNING * * *
The 12-headed hydra barely misses you.
The 12-headed hydra bites you but does no damage. x2
The 12-headed hydra bites you!
* * * LOW HITPOINT WARNING * * *
The 12-headed hydra bites you but does no damage. x5
The 12-headed hydra bites you.
* * * LOW HITPOINT WARNING * * *
You can move again.
You are too injured to fight recklessly!
Unknown command.
Unknown command.
You cannot read scrolls in your current state!
You cannot read scrolls in your current state!
You can read scrolls again.
The floating eye gazes piercingly through you!
You shrug off the repeated paralysis!
The 12-headed hydra bites you.
* * * LOW HITPOINT WARNING * * *
You feel more protected from physical attacks.
You block the 12-headed hydra's attack. x2; The 12-headed hydra bites you.
* * * LOW HITPOINT WARNING * * *
You feel more protected from physical attacks.
You block the 12-headed hydra's attack. x3
The 12-headed hydra completely misses you.
The 12-headed hydra bites you.
* * * LOW HITPOINT WARNING * * *
You feel more protected from physical attacks.
The 12-headed hydra bites you!
You feel threatened and lose the ability to read scrolls!
You die...

########################*********
))...#.(#§.§.'§§@DG§'.$#,,+,,,,*,
.#...##'#.####§§§§§##$.+,,*,,,,**
##...'.§#§#)###§§§##**##*+*,,,,,*
(#####.§'.#'#$###+#,,,**,,*,,,,,*
§#..##§####..$#y#§#*,,,*,,**,,,,*
§§..#..)..#..$###..***,*,,≈***+**
§#§.#..°.°°°.$$$##.#,*,*,,≈,,*,**
###'###.°.#.....#,.##*,*,,≈,**+*,
###.'.#°.°###++##,##..,*,,≈**,,,,


You could see a 12-headed hydra and a floating eye.

Vanquished Creatures
  A lorocyproca (D)
  2 centaur warriors (D)
  Sonja (D)
  A deep troll (D)
  A lindwurm (D)
  An oklob plant (D)
  8 shining eyes (D)
  A gargoyle (D)
  2 unseen horrors (D)
  2 kobold demonologists (D)
  4 demonic crawlers (D)
  A hornet (D)
  A slime creature (D)
  2 redbacks (D)
  Sigmund (D)
  A yak (D)
  13 hogs (D)
  6 floating eyes (D)
  7 necrophages (D)
  An ogre (D)
  8 jellies (D)
  Ijyb (D)
66 creatures vanquished.

Vanquished Creatures (others)
  A gargoyle (D)
  2 ballistomycete spores (D)
3 creatures vanquished.

Grand Total: 69 creatures vanquished

Notes
Turn   | Place    | Note
-------+----------+-------------------------------------------
     0 | D        | kae the Hill Orc Fighter began the quest for the Orb.
     0 | D        | Reached XP level 1. HP: 19/19 MP: 1/1
     1 | D        | Noticed Ijyb
     5 | D        | Killed Ijyb
     6 | D        | Reached skill level 5 in Axes
     6 | D        | Reached XP level 2. HP: 27/28 MP: 2/2
     6 | D        | Reached XP level 3. HP: 33/35 MP: 3/3
     9 | D        | Noticed an ogre
    13 | D        | Killed an ogre
    14 | D        | Reached skill level 8 in Axes
    14 | D        | Reached skill level 5 in Armour
    14 | D        | Reached XP level 4. HP: 8/45 MP: 4/4
    16 | D        | Noticed Sigmund
    25 | D        | Killed Sigmund
    26 | D        | Reached skill level 11 in Axes
    26 | D        | Reached XP level 5. HP: 12/53 MP: 5/5
    26 | D        | Reached XP level 6. HP: 14/61 MP: 6/6
   282 | D        | Found an ornate altar of the Wu Jian Council.
   282 | D        | Found a shimmering blue altar of Sif Muna.
   284 | D        | Found a radiant altar of Vehumet.
   337 | D        | Found Pazuzaoth's Distillery.
   337 | D        | Found an ancient bone altar of Kikubaaqudgha.
   337 | D        | Found a hazy altar of Hepliaklqana.
   337 | D        | Found a hide-covered altar of Uskayaw.
   337 | D        | Found a basalt altar of Yredelemnul.
   337 | D        | Found an opulent altar of Gozag.
   337 | D        | Found a snail-covered altar of Cheibriados.
   337 | D        | Found a sacrificial altar of Ru.
   337 | D        | Found a shadowy altar of Dithmenos.
   337 | D        | Noticed a yak
   343 | D        | Killed a yak
   344 | D        | Reached skill level 13 in Axes
   344 | D        | Found a stormy altar of Qazlal.
   344 | D        | Found a blossoming altar of Fedhas.
   344 | D        | Found a bloodstained altar of Trog.
   344 | D        | Found an iron altar of Okawaru.
   344 | D        | Found a glowing golden altar of the Shining One.
   344 | D        | Found a glowing silver altar of Zin.
   344 | D        | Found a white marble altar of Elyvilon.
   345 | D        | Found a sparkling altar of Nemelex Xobeh.
   348 | D        | Became a worshipper of Qazlal Stormbringer
   454 | D        | Bought a potion of heal wounds for 50 gold pieces
   454 | D        | Bought a potion of lignification for 30 gold pieces
   454 | D        | Bought 2 potions of invisibility for 160 gold pieces
   454 | D        | Bought a potion of curing for 30 gold pieces
   464 | D        | Found a viscous altar of Jiyva.
   464 | D        | Found a corrupted altar of Lugonu.
   464 | D        | Noticed a slime creature
   465 | D        | Found a burning altar of Makhleb.
   465 | D        | Found a shimmering altar of Xom.
   485 | D        | Killed a slime creature
   486 | D        | Reached skill level 10 in Fighting
   486 | D        | Reached skill level 14 in Axes
   486 | D        | Reached XP level 7. HP: 29/72 MP: 7/7
   735 | D        | Noticed a kobold demonologist
   736 | D        | Noticed a kobold demonologist
   749 | D        | Noticed a soul eater
   752 | D        | Killed a kobold demonologist
   752 | D        | Reached * piety under Qazlal
   753 | D        | Reached skill level 15 in Axes
   753 | D        | Reached skill level 10 in Armour
   753 | D        | Reached XP level 8. HP: 76/82 MP: 8/8
   757 | D        | Killed a kobold demonologist
   758 | D        | Reached skill level 16 in Axes
   777 | D        | Killed a gargoyle
   788 | D        | Noticed a demonic crawler
   788 | D        | Noticed a demonic crawler
   788 | D        | Noticed a demonic crawler
   788 | D        | Noticed a demonic crawler
   810 | D        | Killed a demonic crawler
   811 | D        | Reached skill level 17 in Axes
  1235 | D        | Killed a demonic crawler
  1235 | D        | Reached ** piety under Qazlal
  1236 | D        | Reached XP level 9. HP: 63/90 MP: 9/9
  1454 | D        | Killed a demonic crawler
  1455 | D        | Reached skill level 18 in Axes
  1598 | D        | Killed a demonic crawler
  1784 | D        | Noticed a gargoyle
  1792 | D        | Killed a gargoyle
  1793 | D        | Reached skill level 19 in Axes
  1799 | D        | Noticed a lindwurm
  1809 | D        | Killed a lindwurm
  1809 | D        | Reached *** piety under Qazlal
  1992 | D        | Reached skill level 20 in Axes
  1998 | D        | Reached **** piety under Qazlal
  1999 | D        | Reached XP level 10. HP: 59/103 MP: 10/10
  2038 | D        | Reached ***** piety under Qazlal
  2039 | D        | Reached skill level 21 in Axes
  2341 | D        | Noticed a centaur warrior
  2341 | D        | Noticed a centaur warrior
  2357 | D        | Killed a centaur warrior
  2358 | D        | Reached skill level 15 in Fighting
  2358 | D        | Reached skill level 22 in Axes
  2361 | D        | Killed a centaur warrior
  2834 | D        | Noticed an oklob plant
  2846 | D        | Killed an oklob plant
  2847 | D        | Reached XP level 11. HP: 85/114 MP: 11/11
  3052 | D        | Reached skill level 23 in Axes
  3087 | D        | Reached ****** piety under Qazlal
  3244 | D        | Reached skill level 15 in Armour
  3470 | D        | Found Cuhiviph's Armour Shoppe.
  3470 | D        | Found Joennas's General Store.
  3470 | D        | Found Eshuc's Armour Boutique.
  3472 | D        | Found Ciog's Magic Scroll Emporium.
  3472 | D        | Found Ison's Distillery.
  3472 | D        | Found Ygelaub's Antique Armour Shoppe.
  3472 | D        | Found Xup Zacw's Antique Weapon Boutique.
  3472 | D        | Found Ketiozos's Assorted Antiques.
  3472 | D        | Found Xeamof's Book Shop.
  3472 | D        | Found Hycosch's Distillery.
  3474 | D        | Found Duzif's Jewellery Boutique.
  3475 | D        | Found Dathril's Distillery.
  3475 | D        | Found Vilaf's Jewellery Boutique.
  3476 | D        | Found Veuqavv Hexi's Assorted Antiques.
  3479 | D        | Bought a scroll labelled OXKYUNYJU for 19 gold pieces
  3479 | D        | Bought a scroll labelled VIESUN ZYISH for 19 gold pieces
  3479 | D        | Bought a scroll labelled VYGECI WECVAX for 19 gold pieces
  3479 | D        | Bought a scroll labelled VIESUN ZYISH for 19 gold pieces
  3485 | D        | Bought a scroll labelled TUYMORASUE for 15 gold pieces
  3485 | D        | Bought a scroll labelled YXUZOT UNE for 15 gold pieces
  3485 | D        | Bought a scroll labelled OXKYUNYJU for 15 gold pieces
  3485 | D        | Bought 2 scrolls labelled YXUZOT UNE for 30 gold pieces
  3485 | D        | Bought a scroll labelled HEXTUO PAVO for 15 gold pieces
  3485 | D        | Bought a scroll labelled YDORUR MILY for 15 gold pieces
  3562 | D        | Bought a +2 cloak of preservation for 215 gold pieces
  3562 | D        | Bought a +0 pair of gloves of strength for 115 gold pieces
  3575 | D        | Bought a glowing leather armour for 120 gold pieces
  3590 | D        | Bought a ring of see invisible for 210 gold pieces
  3651 | D        | Noticed Sonja
  3659 | D        | Killed Sonja
  3660 | D        | Reached skill level 24 in Axes
  3767 | D        | Noticed a deep troll
  3772 | D        | Killed a deep troll
  3812 | D        | Found Archu's Armour Emporium.
  3832 | D        | Found Dusujun's General Store.
  3835 | D        | Noticed a shining eye
  3835 | D        | Noticed a shining eye
  3835 | D        | Noticed a shining eye
  3835 | D        | Noticed a shining eye
  3835 | D        | Noticed a shining eye
  3835 | D        | Noticed a shining eye
  3835 | D        | Gained mutation: Your body sometimes deteriorates upon
                  | taking damage. [a shining eye]
  3836 | D        | Paralysed by a floating eye for 2 turns
  3842 | D        | Paralysed by a floating eye for 2 turns
  3847 | D        | Paralysed by a floating eye for 2 turns
  3849 | D        | Gained mutation: You are weak. (Str -2) [a shining eye]
  3850 | D        | Gained mutation: You are frail. (-10% HP) [a shining eye]
  3852 | D        | Killed a shining eye
  3853 | D        | Paralysed by a floating eye for 3 turns
  3859 | D        | Noticed a shining eye
  3865 | D        | Gained mutation: You tend to lose your temper in combat. [a
                  | shining eye]
  3867 | D        | Paralysed by a floating eye for 2 turns
  3872 | D        | Killed a shining eye
  3874 | D        | Gained mutation: You often lose your temper in combat. [a
                  | shining eye]
  3875 | D        | Killed a shining eye
  3875 | D        | Gained mutation: You are clumsy. (Dex -2) [a shining eye]
  3876 | D        | Reached skill level 25 in Axes
  3878 | D        | Killed a shining eye
  3879 | D        | Gained mutation: You are very clumsy. (Dex -4) [a shining
                  | eye]
  3879 | D        | Gained mutation: Your magical capacity is low. (-10% MP) [a
                  | shining eye]
  3879 | D        | Gained mutation: Your spells are a little easier to cast,
                  | but a little less powerful. [a shining eye]
  3880 | D        | Killed a shining eye
  3882 | D        | Gained mutation: You sometimes lose the ability to read
                  | scrolls when taking damage. [a shining eye]
  3883 | D        | Killed a shining eye
  3884 | D        | Noticed a shining eye
  3886 | D        | Killed a shining eye
  3893 | D        | Killed a shining eye
  3898 | D        | Found Peoffiga's Book Shop.
  3898 | D        | Found Fanimink's Jewellery Shoppe.
  3898 | D        | Found Qamodaaj's Weapon Boutique.
  3898 | D        | Found Ohuuq's Book Emporium.
  3937 | D        | Bought the +3 buckler "Juis" {Drain rElec Regen+} for 306
                  | gold pieces
  3996 | D        | Noticed a lorocyproca
  4012 | D        | Killed a lorocyproca
  4013 | D        | Reached skill level 26 in Axes
  4013 | D        | Reached XP level 12. HP: 114/114 MP: 0/10
  4157 | D        | Noticed a 12-headed hydra
  4158 | D        | Paralysed by a floating eye for 4 turns
  4165 | D        | Slain by a 12-headed hydra

Illustrated notes

Levels and vault maps discovered:
D:        dungeon_sprint_1 [red_sonja_temple_1, red_sonja_temple_small_1]

Skill      XL: |  1  2  3  4  5  6  7  8  9 10 11 |
---------------+----------------------------------+-----
Fighting       | 4 6 8 10 11 12 14 15 18 | 18.0
Axes           | 5 8 11 14 15 17 20 22 26 | 26.0
Armour         | 4 5 7 9 10 11 12 14 16 | 16.6
Shields        | 4 |  4.0

Action                   |  1- 3 |  4- 6 |  7- 9 | 10-12 || total
-------------------------+-------+-------+-------+-------++-------
Melee: War axe           |     6 |    37 |    92 |   191 ||   326
Invok: Upheaval          |       |       |       |     3 ||     3
  Use: Potion            |     1 |     2 |       |     2 ||     5
       Scroll            |       |       |     1 |     8 ||     9
Armor: Scale mail        |     1 |     7 |    35 |    33 ||    76
       Leather armour    |       |       |       |    26 ||    26
Dodge: Dodged            |     1 |     7 |    56 |    42 ||   106
       Repelled          |       |       |       |     2 ||     2
Block: Buckler           |       |     3 |    38 |    61 ||   102

Table legend: (Time is in decaauts)
 A = Elapsed time spent in this place.
 B = Non-inter-level travel time spent in this place.
 C = Inter-level travel time spent in this place.
 D = Time resting spent in this place.
 E = Time spent auto-exploring this place.
 F = Levels seen in this place.
 G = Mean time per level.
                   A        B        C        D        E       F      G
               +--------+--------+--------+--------+--------+-----+--------+
         Total |   4101 |   4069 |     32 |   2917 |    363 |   1 | 4101.0 |
       Dungeon |   4101 |   4069 |     32 |   2917 |    363 |   1 | 4101.0 |
               +--------+--------+--------+--------+--------+-----+--------+

Top non-repeatable levels by time:
       D: 4101 daAuts
